 Seeded DCSS version 0.30.0-5-g1a98f26d00 (webtiles) character file.

Game seed: 2 (custom seed)

32 Kazon the Conjurer (level 3, -1/24 HPs)
             Began as a Human Conjurer on May 9, 2023.
             Was a Follower of Zin.
             Slain by a worm (4 damage)
             ... on level 1 of the Dungeon.
             The game lasted 00:06:10 (1288 turns).

Kazon the Conjurer (Human Conjurer)                 Turns: 1288, Time: 00:06:11

Health: -1/24      AC:  2    Str:  9    XL:     3   Next: 45%
Magic:  1/6        EV: 12    Int: 18    God:    Zin [*.....]
Gold:   63         SH:  0    Dex: 11    Spells: 3/6 levels left

rFire   . . .        e - +0 dagger
rCold   . . .        (no shield)
rNeg    . . .        a - +0 robe
rPois   .            (no helmet)
rElec   .            (no cloak)
rCorr   .            (no gloves)
SInv    .            (no boots)
Will    .....        (no amulet)
Stlth   ++           (no ring)
HPRegen 0.24/turn    (no ring)
MPRegen 0.10/turn

%: no passive effects
@: no status effects
A: no striking features
a: Renounce Religion, Recite, Donate Gold


You were on level 1 of the Dungeon.
You worshipped Zin.
Zin was aware of your devotion.
You visited 1 branch of the dungeon, and saw 2 of its levels.

You collected 69 gold pieces.
You donated 6 gold pieces to Zin.

Inventory:

Hand Weapons
 e - a +0 dagger (weapon)
Missiles
 d - 11 poisoned darts
 f - 9 stones
Armour
 a - a +0 robe (worn)
Scrolls
 g - 2 scrolls of magic mapping {unknown}
 h - a scroll of identify {unknown}
 j - a scroll of acquirement {unknown}
Potions
 b - a potion of magic
 c - a potion of flight {unknown}
 i - a potion of attraction {unknown}
 k - 2 potions of might {unknown}
 l - a potion of heal wounds {unknown}


   Skills:
 + Level 2.0 Dodging
 + Level 2.1 Stealth
 + Level 2.1 Spellcasting
 + Level 4.7 Conjurations
 * Level 0.8 Invocations


You had 3 spell levels left.
You knew the following spells:

 Your Spells              Type           Power      Damage    Failure   Level
a - Magic Dart            Conj           72%        1d6       2%          1
b - Searing Ray           Conj           36%        2d5       3%          2

Your spell library contained the following spells:

 Spells                   Type           Power      Damage    Failure   Level
 Sting                    Tmut/Pois      4%         1d3       19%         1
 Dazzling Flash           Conj/Hex       20%        N/A       21%         3
 Fulminant Prism          Conj/Hex       5%         3d7       56%         4
 Iskenderun's Mystic Bla  Conj/Tloc      10%        2d4       56%         4


Dungeon Overview and Level Annotations

Branches:
Dungeon (2/15)

Altars:
Trog
Zin


Message History

You barely miss the worm.
The worm is heavily wounded.
The worm barely misses you.
You barely miss the worm.
The worm is heavily wounded.
You hit the worm.
The worm is heavily wounded.
The worm closely misses you.
Aiming: Magic Dart (safe; 2% risk of failure)
Press: ? - help, Q - select action, (/) - cycle Shift-Dir - straight line, f - worm
Aim: a worm (heavily wounded, 100% to hit)
The magic dart hits the worm.
The worm is severely wounded.
The worm bites you.
* * * LOW HITPOINT WARNING * * *
Aiming: Magic Dart (safe; 2% risk of failure)
Press: ? - help, Q - select action, (/) - cycle Shift-Dir - straight line, f/p - worm
Aim: a worm (heavily wounded, 100% to hit)
The magic dart hits the worm.
The worm is severely wounded.
Unknown command.
You barely miss the worm.
The worm is severely wounded.
The worm bites you.
* * * LOW HITPOINT WARNING * * *
You hit the worm.
The worm is almost dead.
You hit the worm.
The worm is almost dead.
The worm closely misses you.
You barely miss the worm.
The worm is almost dead.
The worm bites you.
* * * LOW HITPOINT WARNING * * *
You barely miss the worm.
The worm is almost dead.
You hit the worm.
The worm is almost dead.
The worm bites you.
You die...

.################ #.##.# #.#
.##.............# #.##†########.#
.##.###########'###.##...........
.##.# #......##.#†#########.#
.##.# #...........#########..
....# #.......#.#.#..........
.##.#### #.......#...#.#######..
..#....# #####+#w#####.#######..
.....#.# #.@.............#..
.#...#.##########.#..########.#..
.+...+.........#........### #.#..
.#...#########.#..#..#....# #.#..
.#...# #.#........#.###.#..
.#...# #.#.##.....#.....#..
.#...# #.#........#####.#..
.##### ### #.#.................
###### #.#####.#[##############.#


You could see a worm.

Vanquished Creatures
  2 dart slugs (D:1)
  A ball python (D:1)
  An endoplasm (D:1)
  3 giant cockroaches (D:1)
  2 goblins (D:1)
  3 hobgoblins
  4 quokkas (D:1)
  2 bats (D:1)
  A frilled lizard (D:1)
  3 kobolds (D:1)
  2 rats (D:1)
24 creatures vanquished.

Notes
Turn   | Place    | Note
-------+----------+-------------------------------------------
     0 | D:1      | Kazon the Human Conjurer began the quest for the Orb.
     0 | D:1      | Reached XP level 1. HP: 13/13 MP: 3/3
   321 | D:1      | Reached XP level 2. HP: 19/19 MP: 3/5
   343 | D:1      | Learned a level 2 spell: Searing Ray
   428 | D:1      | Found a faded altar of an unknown god.
   471 | D:1      | Got Plato's Compilation of Poisoning
   472 | D:1      | Prayed at the altar of an unknown god.
   472 | D:1      | Became a worshipper of Zin the Law-Giver
   472 | D:1      | Reached * piety under Zin
   633 | D:1      | Reached XP level 3. HP: 24/24 MP: 4/6
  1224 | D:1      | Found a bloodstained altar of Trog.
  1288 | D:1      | Slain by a worm

Illustrated notes

Levels and vault maps discovered:
D:1:      dpeg_arrival_lava_altar, layout_basic,
          shapermc_ecumenical_altar_rom_forum
D:2:      layout_rooms, solitary_fountain, minmay_tromino_v4_a, uniq_natasha

Action                     || total
---------------------------++-------
  Melee: Unarmed           ||     7
         Club              ||    15
         Punch             ||     1
         Dagger            ||    35
  Throw: Stone             ||     2
   Cast: Magic Dart        ||    38
         Searing Ray       ||     2
 Invoke: Recite            ||     1
    Use: Potion            ||     1
   Stab: Sleeping          ||     1
 Armour: Robe              ||     6
  Dodge: Dodged            ||    33
